 Dungeon Crawl Stone Soup version 0.30-a0-165-g1891117ce2 (webtiles) character file.

Game seed: 16386097358124822698

48414 greasedhog the Devastator (level 14, 0/88 HPs)
             Began as a Gargoyle Conjurer on Sept 28, 2022.
             Was an Elder of Vehumet.
             Slain by a goliath frog (8 damage)
             ... on level 5 of the Lair of Beasts.
             The game lasted 00:28:45 (15222 turns).

greasedhog the Devastator (Gargoyle Conjurer)      Turns: 15222, Time: 00:28:46

Health: 0/88       AC: 20    Str: 12    XL:     14   Next: 46%
Magic:  2/28       EV: 16    Int: 27    God:    Vehumet [****..]
Gold:   1074       SH:  0    Dex: 14    Spells: 13/33 levels left

rFire   . . .      SeeInvis +    f - +7 dagger (distort)
rCold   . . .      Faith    .    p - orb {light}
rNeg    + . .      Spirit   .    m - +0 troll leather armour
rPois   ∞          Reflect  .    (no helmet)
rElec   +          Harm     .    r - +0 cloak of Refuge {Int+4 Dex+3 SInv}
rCorr   .          Rampage  .    (no gloves)
Will    ++...                    F - +1 pair of boots of the Fiddle {rElec Dex+3}
Stlth   +.........               (no amulet)
HPRegen 1.04/turn                e - ring of willpower
MPRegen 0.21/turn                I - +4 ring of protection

@: mighty, corroded, flying, glowing
A: sickness immunity, AC +10, big wings, negative energy resistance 1,
electricity resistance, torment resistance 1, petrification resistance
a: Renounce Religion


You were on level 5 of the Lair of Beasts.
You worshipped Vehumet.
Vehumet was greatly pleased with you.
You visited 3 branches of the dungeon, and saw 16 of its levels.

You collected 1899 gold pieces.
You spent 825 gold pieces at shops.

Inventory:

Hand Weapons
 f - a +7 dagger of distortion (weapon)
Missiles
 u - a throwing net
Armour
 m - a +0 troll leather armour (worn)
 p - an orb of light (worn)
 r - the +0 cloak of Refuge (worn) {Int+4 Dex+3 SInv}
   (You found it on level 3 of the Dungeon)

   Int:       It affects your intelligence (+4).
   Dex:       It affects your dexterity (+3).
   SInv:      It lets you see invisible.
 F - the +1 pair of boots of the Fiddle (worn) {rElec Dex+3}
   (You found it on level 10 of the Dungeon)

   Dex:       It affects your dexterity (+3).
   rElec:     It insulates you from electricity.
Magical Staves
 c - a staff of fire
Jewellery
 e - a ring of willpower (left hand)
 l - the ring of Zoits {Ice rElec}
   (You found it on level 2 of the Dungeon)

   [ring of ice]

   It enhances your ice magic.
   rF:        It makes you vulnerable to fire.
   rC:        It protects you from cold.
   rElec:     It insulates you from electricity.
 C - a ring of resist corrosion
 I - a +4 ring of protection (right hand)
Wands
 v - a wand of paralysis (21)
 w - a wand of polymorph (9)
 y - a wand of roots (25)
 J - a wand of mindburst (6)
Scrolls
 i - 3 scrolls of summoning
 j - 4 scrolls of teleportation
 s - 5 scrolls of magic mapping
 x - 2 scrolls of amnesia
 z - 2 scrolls of poison
 A - a scroll of fog
 D - 2 scrolls of enchant armour
 E - 3 scrolls of immolation
 G - 2 scrolls of fear
 L - a scroll of torment
Potions
 a - 2 potions of lignification
 b - 2 potions of magic
 d - a potion of berserk rage
 g - 2 potions of heal wounds
 h - 16 potions of curing
 k - a potion of invisibility
 n - 3 potions of flight
 q - 2 potions of brilliance
 t - 4 potions of attraction
 B - 3 potions of ambrosia {unknown}
 H - a potion of haste {unknown}
Miscellaneous
 K - a lightning rod (4/4)


   Skills:
 - Level 10.0 Fighting
 - Level 10.0 Armour
 * Level 9.4 Dodging
 - Level 2.1 Stealth
 * Level 10.1 Spellcasting
 * Level 16.0 Conjurations
 - Level 5.1 Hexes
 - Level 4.0 Translocations


You had 13 spell levels left.
You knew the following spells:

 Your Spells              Type           Power      Damage    Failure   Level
a - Magic Dart            Conj           100%       1d8       0%          1
b - Searing Ray           Conj           100%       2d8       0%          2
d - Fulminant Prism       Conj/Hex       31%        3d16      1%          4
e - Iskenderun's Mystic   Conj/Tloc      61%        2d13      1%          4
f - Blink                 Tloc           70%        N/A       1%          2
g - Orb of Destruction    Conj           39%        9d11      1%          7

Your spell library contained the following spells:

 Spells                   Type           Power      Damage    Failure   Level
 Arcjolt                  Conj/Air       27%        1d37      1%          5
 Momentum Strike          Conj/Tloc      100%       3d10      1%          2
 Dazzling Flash           Conj/Hex       100%       N/A       1%          3
 Mephitic Cloud           Conj/Pois/Air  42%        N/A       1%          3
 Poisonous Vapours        Pois/Air       26%        N/A       2%          2
 Kindle Blastsparks       Fire/Tloc/Air  40%        2d13      2%          3
 Portal Projectile        Hex/Tloc       76%        N/A       2%          3
 Lesser Beckoning         Tloc           35%        N/A       3%          3
 Ignite Poison            Fire/Tmut/Pois 13%        N/A       4%          3
 Freezing Cloud           Conj/Ice/Air   21%        6-21      4%          5
 Sting                    Tmut/Pois      52%        1d5       5%          1
 Summon Guardian Golem    Hex/Summ       27%        N/A       5%          3
 Call Imp                 Summ           13%        N/A       8%          2
 Wereblood                Tmut           13%        N/A       8%          2
 Olgreb's Toxic Radiance  Pois           13%        N/A       13%         4
 Call Canine Familiar     Summ           13%        N/A       16%         3
 Ozocubu's Armour         Ice            13%        N/A       16%         3
 Leda's Liquefaction      Hex/Erth       13%        N/A       19%         4
 Spellforged Servitor     Conj/Summ      27%        N/A       38%         7
 Metabolic Englaciation   Hex/Ice        13%        N/A       45%         5
 Alistair's Intoxication  Tmut/Pois      8%         N/A       82%         5
 Borgnjor's Vile Clutch   Necr/Erth      6%         N/A       82%         5
 Eringya's Noxious Bog    Tmut/Pois      6%         N/A       86%         6
 Simulacrum               Ice/Necr       6%         N/A       100%        6
 Summon Hydra             Summ           6%         N/A       100%        7
 Cigotuvi's Dreadful Rot  Necr/Pois/Air  Unusable   N/A       N/A         2
 Sublimation of Blood     Necr           Unusable   N/A       N/A         2

Dungeon Overview and Level Annotations

Branches:
Dungeon (10/15)            Temple (1/1) D:4            Lair (5/5) D:10
  Swamp (0/4) Lair:3        Snake (0/4) Lair:3        Slime (0/5) Lair:4
    Orc (0/2) D:10

Altars:
Ashenzari
Cheibriados
Dithmenos
Elyvilon
Fedhas
Gozag
Hepliaklqana
Kikubaaqudgha
Makhleb
Nemelex Xobeh
Okawaru
Qazlal
Ru
Sif Muna
Trog
Uskayaw
Vehumet
Wu Jian
Xom
Yredelemnul
Zin
The Shining One

Shops:
D:3 ?


Innate Abilities, Weirdness & Mutations

You are immune to sickness and miasma.
Your stone body is resilient. (AC +10)
You are immune to poison.
Your large and strong wings let you fly.
You resist negative energy. (rN+)
You are resistant to electric shocks. (rElec)
You are resistant to unholy torment.
You are immune to petrification.


Message History

Vehumet accepts your kill.
You feel your power returning.
You hear a trumpeting!
Casting: Iskenderun's Mystic Blast (safe; 1% risk of failure)
Confirm with . or Enter, or press ? or * to list all spells.
You erupt in a blast of force!
The mystic blast hits the goliath frog!
The goliath frog is heavily wounded.
The goliath frog is knocked back by the mystic blast.
The goliath frog slams into the rock wall!
The goliath frog is heavily wounded.
The mystic blast hits the cane toad!!
The cane toad is severely wounded.
The cane toad is knocked back by the mystic blast.
The boulder beetle leaps!
You see here an elephant corpse.
You puncture the cane toad!
The cane toad is almost dead.
The cane toad blinks!
The goliath frog hits you from afar.
You are splashed with acid!
The goliath frog hits you but does no damage.
An elephant comes into view.
The goliath frog hits you. The acid corrodes you!
You are splashed with acid!
You closely miss the goliath frog.
The goliath frog is heavily wounded.
The goliath frog misses you.
The cane toad stings you but does no damage.
The goliath frog closely misses you.
You hit the goliath frog.
Space warps horribly around the goliath frog!
The goliath frog is severely wounded.
The cane toad closely misses you. The goliath frog hits you!
* * * LOW HITPOINT WARNING * * *
You are splashed with acid!
* * * LOW HITPOINT WARNING * * *
You closely miss the goliath frog.
The goliath frog is severely wounded.
The cane toad stings you!
* * * LOW HITPOINT WARNING * * *
The goliath frog hits you!
You die...

## ######### .#.## ## #####
##..#.##P# #.... #.#####...#
####..#.##P.# #..... ##..#.#..##
#.#.........#
P.....###...†.†...####.~§§...##..
.......#.#..†..Y.###..~§§§.....#.
#........B.†F.###..~~§§....#.P
#..†#.....##F@..#.~.~~.....#.P
#..Y.###...##.#.......~.......#.
...... #...#####............##..
..... ##..# #.....P....#......
..... ...# #.......#..#.......
.... #.... #.......#...PP.....
.... ............#.........
..........##......... #..........
.........


You could see a boulder beetle, an elephant, a goliath frog and a cane toad.

Vanquished Creatures
  Fannar (D:10)
  Erolcha (D:10)
  A boulder beetle (Lair:1)
  Sonja (D:10)
  Amaemon (D:8)
  Pikel (D:8)
  An oklob plant (Lair:1)
  6 black mambas
  14 elephants
  2 gargoyles (D:10)
  An orange demon (D:8)
  3 rime drakes
  10 cane toads
  9 komodo dragons
  2 trolls
  7 blink frogs (Lair:5)
  7 dream sheep (Lair:4)
  Sigmund (D:5)
  5 wyverns
  31 yaks
  3 basilisks
  A steam dragon (D:8)
  2 vampire mosquitoes (Lair:5)
  2 swamp worms (Lair:3)
  10 water moccasins
  An acid dragon (D:9)
  Duvessa (D:5)
  2 orc warriors
  6 black bears
  2 ice beasts
  2 sky beasts (D:6)
  An ogre (D:4)
  15 wolves
  3 centaurs
  2 phantoms
  3 kobold brigands
  2 lemures (D:8)
  8 bullfrogs
  6 necrophages
  A gnoll sergeant (D:6)
  3 scorpions
  8 wights (D:8)
  Dowan (D:5)
  12 killer bees
  2 howler monkeys
  An electric eel (Lair:3)
  A centaur zombie (D:7)
  4 hounds
  3 jellies
  4 gnoll boudas
  4 orc priests
  An iguana (D:7)
  An orc wizard (D:10)
  A howler monkey zombie (D:7)
  23 gnolls
  2 river rats (D:4)
  3 adders
  A shadow imp (D:5)
  2 white imps
  An ufetubus (D:6)
  2 worms (D:4)
  A dart slug (D:3)
  17 orcs
  3 ball pythons
  5 bats
  An endoplasm (D:1)
  5 giant cockroaches
  3 goblins (D:3)
  A hobgoblin (D:2)
  6 jackals (D:1)
  A quokka (D:4)
  2 frilled lizards (D:1)
  16 kobolds
  9 rats
  A spectral orc (D:8)
329 creatures vanquished.

Vanquished Creatures (others)
  20 fulminant prisms
  15 fungi
  99 plants
134 creatures vanquished.

Grand Total: 463 creatures vanquished

Notes
Turn   | Place    | Note
-------+----------+-------------------------------------------
     0 | D:1      | greasedhog the Gargoyle Conjurer began the quest for the
                  | Orb.
     0 | D:1      | Reached XP level 1. HP: 10/10 MP: 3/3
   151 | D:1      | Reached XP level 2. HP: 16/16 MP: 1/5
   793 | D:1      | Found a faded altar of an unknown god.
  1064 | D:1      | Reached skill level 1 in Fighting
  1102 | D:1      | Reached XP level 3. HP: 17/20 MP: 6/6
  1386 | D:2      | Learned a level 2 spell: Searing Ray
  1390 | D:2      | Learned a level 3 spell: Mephitic Cloud
  1538 | D:2      | Identified the ring of Zoits {Ice rElec}
  1934 | D:3      | Reached skill level 5 in Conjurations
  2097 | D:3      | Identified the +0 cloak of Refuge {Int+4 Dex+3 SInv}
  2198 | D:3      | Found Xamnol's Magic Scroll Boutique.
  2207 | D:3      | Bought a scroll of identify for 26 gold pieces
  2207 | D:3      | Bought a scroll of identify for 26 gold pieces
  2315 | D:3      | Found a sparkling altar of Nemelex Xobeh.
  2431 | D:3      | Found a faded altar of an unknown god.
  2437 | D:3      | Found an iron altar of Okawaru.
  2585 | D:4      | Reached XP level 4. HP: 25/25 MP: 8/8
  2596 | D:4      | Noticed a water moccasin
  2605 | D:4      | Killed a water moccasin
  2606 | D:4      | Reached XP level 5. HP: 20/30 MP: 5/10
  2751 | D:4      | Found a hazy altar of Hepliaklqana.
  2821 | D:4      | Found a staircase to the Ecumenical Temple.
  2835 | Temple   | Entered the Ecumenical Temple
  2961 | Temple   | Became a worshipper of Vehumet
  3370 | D:4      | Reached skill level 6 in Conjurations
  3370 | D:4      | Reached XP level 6. HP: 31/36 MP: 11/11
  3530 | D:4      | Learned a level 4 spell: Fulminant Prism
  3912 | D:5      | Entered Level 5 of the Dungeon
  4037 | D:5      | Reached XP level 7. HP: 34/41 MP: 0/13
  4308 | D:5      | Reached skill level 5 in Spellcasting
  4308 | D:5      | Reached skill level 7 in Conjurations
  4367 | D:5      | Reached skill level 1 in Hexes
  4367 | D:5      | Reached * piety under Vehumet
  4367 | D:5      | Offered knowledge of Foxfire by Vehumet.
  4445 | D:5      | Noticed Duvessa
  4445 | D:5      | Noticed Dowan
  4454 | D:5      | Killed Duvessa
  4455 | D:5      | Reached XP level 8. HP: 32/48 MP: 8/15
  4455 | D:5      | Killed Dowan
  4617 | D:5      | Noticed Sigmund
  4623 | D:5      | Killed Sigmund
  4624 | D:5      | Reached skill level 5 in Fighting
  4770 | D:5      | Reached skill level 1 in Armour
  4770 | D:5      | Reached skill level 8 in Conjurations
  5241 | D:6      | Learned a level 4 spell: Iskenderun's Mystic Blast
  5244 | D:6      | Reached skill level 15 in Conjurations
  5244 | D:6      | Reached XP level 9. HP: 54/54 MP: 16/16
  5245 | D:6      | Reached skill level 10 in Armour
  5245 | D:6      | Reached XP level 10. HP: 59/59 MP: 17/17
  5246 | D:6      | Reached XP level 11. HP: 63/63 MP: 18/18
  5869 | D:6      | Found a stormy altar of Qazlal.
  6111 | D:6      | Found a broken altar of Ashenzari.
  6111 | D:6      | Found a white marble altar of Elyvilon.
  6512 | D:7      | Found a sacrificial altar of Ru.
  6518 | D:7      | Reached ** piety under Vehumet
  6658 | D:7      | Found a blossoming altar of Fedhas.
  6743 | D:7      | Found a shimmering blue altar of Sif Muna.
  6790 | D:7      | Found a snail-covered altar of Cheibriados.
  6804 | D:7      | Offered knowledge of Scorch by Vehumet.
  7089 | D:7      | Found an ancient bone altar of Kikubaaqudgha.
  7137 | D:7      | Learned a level 2 spell: Blink
  7407 | D:7      | Reached XP level 12. HP: 69/69 MP: 14/20
  7471 | D:8      | Noticed Pikel
  7477 | D:8      | Killed Pikel
  7874 | D:8      | Noticed Amaemon
  7904 | D:8      | Killed Amaemon
  7905 | D:8      | Reached skill level 5 in Hexes
  8035 | D:8      | Offered knowledge of Stone Arrow by Vehumet.
  8059 | D:8      | Learned a level 7 spell: Orb of Destruction
  8310 | D:8      | Found a basalt altar of Yredelemnul.
  8531 | D:9      | Reached skill level 1 in Translocations
  8794 | D:9      | Reached *** piety under Vehumet
  9349 | D:10     | Entered Level 10 of the Dungeon
  9351 | D:10     | Identified the +1 pair of boots of the Fiddle {rElec Dex+3}
  9414 | D:10     | Offered knowledge of Ignite Poison by Vehumet.
  9465 | D:10     | Noticed Sonja
  9470 | D:10     | Killed Sonja
  9516 | D:10     | Found a staircase to the Lair.
  9543 | D:10     | Noticed Fannar
  9554 | D:10     | HP: 3/73 [Fannar/staff of cold (15)]
  9558 | D:10     | Killed Fannar
  9558 | D:10     | Noticed Erolcha
  9561 | D:10     | Reached **** piety under Vehumet
  9701 | D:10     | Found a staircase to the Orcish Mines.
  9940 | D:10     | Killed Erolcha
  9941 | D:10     | Reached XP level 13. HP: 70/79 MP: 9/24
 10359 | Lair:1   | Entered Level 1 of the Lair of Beasts
 10952 | Lair:1   | Found a basalt altar of Yredelemnul.
 11125 | Lair:1   | Offered knowledge of Yara's Violent Unravelling by Vehumet.
 11294 | Lair:1   | You fall into a shaft and drop 1 floor!
 11297 | Lair:2   | Found a dark tunnel.
 12051 | Lair:2   | Reached skill level 10 in Fighting
 13201 | Lair:3   | Found a staircase to the Snake Pit.
 13227 | Lair:3   | Reached ***** piety under Vehumet
 13227 | Lair:3   | Offered knowledge of Arcjolt by Vehumet.
 13635 | Lair:3   | Found a staircase to the Swamp.
 13757 | Lair:4   | Gained mutation: Your large and strong wings let you fly.
                  | [Gargoyle growth]
 13757 | Lair:4   | Reached XP level 14. HP: 78/88 MP: 23/27
 14164 | D:3      | Bought a scroll of acquirement for 676 gold pieces
 14164 | D:3      | Bought a scroll of enchant weapon for 97 gold pieces
 14164 | D:3      | Acquired 886 gold pieces
 14444 | Lair:4   | Found a staircase to the Slime Pits.
 14883 | Lair:5   | Entered Level 5 of the Lair of Beasts
 14988 | Lair:5   | Reached skill level 10 in Spellcasting
 15192 | Lair:5   | Reached skill level 16 in Conjurations
 15222 | Lair:5   | Slain by a goliath frog

Illustrated notes

Levels and vault maps discovered:
D:1:      amcnicky_arrival_gap_in_the_tavern_cellar, layout_loops_corners,
          basic_ecumenical_altar
D:2:      layout_basic
D:3:      layout_basic, nicolae_overflow_ecumenical_swirl,
          mainiacjoe_overflow_small_starburst, serial_shops, nicolae_shop_trees,
          moated_statue
D:4:      wander_river, layout_cave_pods, worldfamousw_hep_ancestral_shrine,
          minmay_temple_entry_glassed_door, portal_sewer_entry_e
D:5:      kb_forest_paths, layout_basic, uniq_sigmund, uniq_duvessa
D:6:      layout_loops_ring, jmf_multi_god_temple, overflow_temple_1_default
D:7:      layout_basic, slow_altar_1, fedhas_altar_decomposition,
          kiku_gazebo_pond_becter, nicolae_ru_awakened_eye,
          nicolae_sif_muna_little_library
D:8:      layout_loops_ring, yredelemnul_forgotten_temple_becter, minivault_19,
          uniq_pikel, uniq_amaemon
D:9:      layout_cave_pools, minmay_unpleasant_kobolds
D:10:     layout_basic, david_lair_generic, david_orc_3, serial_corexii_hall,
          corexii_hall_statues_s, chequers_hall_statues_y,
          chequers_hall_statues_corner_a, corexii_hall_statues_u, uniq_sonja,
          uniq_fannar, uniq_erolcha
Temple:   compressed_dpeg_circular_temple
Lair:1:   layout_misc_corridors, basic_altar, minmay_lair_oklob_items,
          infiniplex_staircase_pool, lemuel_fruit_fields
Lair:2:   layout_regular_city, nicolae_volcano_entry_lava_flow,
          beast_lair_carwin_11, grunt_megastairs_4, serial_bayou_shore_b
Lair:3:   layout_regular_city, nicolae_swamp_entry_splash_gauntlet,
          minmay_snake_entry_six_corridors, minivault_26, lemuel_fruit_fields
Lair:4:   layout_loops_ring, slime_entry_1, minivault_27
Lair:5:   minmay_lair_end_frog_pond, layout_layer_cave, ldierk_geyser,
          lemuel_fruit_tree

Skill      XL: |  1  2  3  4  5  6  7  8  9 10 11 12 13 14 |
---------------+-------------------------------------------+-----
Fighting       | 1 2 3 4 5 8 10 | 10.0
Conjurations   | 5 6 7 15 16 | 16.0
Spellcasting   | 3 4 5 7 9 10 | 10.1
Hexes          | 1 3 4 5 |  5.1
Armour         | 2 10 | 10.0
Dodging        | 7 8 9 |  9.4
Translocations | 3 4 |  4.0
Stealth        | |  2.1

Action                   |  1- 3 |  4- 6 |  7- 9 | 10-12 | 13-15 || total
-------------------------+-------+-------+-------+-------+-------++-------
Melee: Dagger            |    57 |    31 |    25 |   244 |   355 ||   712
       Punch             |     2 |       |       |       |       ||     2
 Cast: Magic Dart        |    25 |    12 |    32 |    73 |    91 ||   233
       Searing Ray       |       |     3 |     2 |    22 |     5 ||    32
       Iskenderun's Myst |       |       |       |    20 |    61 ||    81
       Fulminant Prism   |       |       |       |     9 |    11 ||    20
       Blink             |       |       |       |     1 |       ||     1
       Orb of Destructio |       |       |       |       |     4 ||     4
Evoke: Wand              |       |       |       |     2 |       ||     2
  Use: Scroll            |     9 |     4 |     3 |     8 |     7 ||    31
       Potion            |       |       |     2 |     2 |     3 ||     7
 Stab: Sleeping          |     3 |       |       |       |       ||     3
Armor: Robe              |    19 |    10 |    12 |    43 |       ||    84
       Troll leather arm |       |       |       |    89 |   278 ||   367
Dodge: Dodged            |    29 |    27 |    10 |   218 |   356 ||   640

Table legend: (Time is in decaauts)
 A = Elapsed time spent in this place.
 B = Non-inter-level travel time spent in this place.
 C = Inter-level travel time spent in this place.
 D = Time resting spent in this place.
 E = Time spent auto-exploring this place.
 F = Levels seen in this place.
 G = Mean time per level.
                   A        B        C        D        E       F      G
               +--------+--------+--------+--------+--------+-----+--------+
         Total |  15246 |  14227 |   1019 |   1079 |  10823 |  16 |  952.9 |
       Dungeon |  10872 |  10053 |    819 |    940 |   7658 |  10 | 1087.2 |
        Temple |    148 |    102 |     46 |      0 |     93 |   1 |  148.0 |
          Lair |   4226 |   4073 |    153 |    139 |   3072 |   5 |  845.2 |
               +--------+--------+--------+--------+--------+-----+--------+

Top non-repeatable levels by time:
     D:5: 1540 daAuts
    D:10: 1387 daAuts
     D:1: 1356 daAuts
     D:4: 1268 daAuts
  Lair:2: 1197 daAuts
     D:8: 1193 daAuts
     D:6: 1096 daAuts
     D:7: 1013 daAuts
  Lair:1: 1012 daAuts
  Lair:3: 920 daAuts
     D:3: 783 daAuts
     D:9: 780 daAuts
  Lair:4: 756 daAuts
     D:2: 451 daAuts
  Lair:5: 338 daAuts
